 Dungeon Crawl Stone Soup version 0.29.1-1-gd02db6906a (webtiles) character file.

Game seed: 2348381106937653016

236276 Godmorgon the Warrior (level 20, -2/193 HPs)
             Began as a Djinni Ice Elementalist on Oct 4, 2022.
             Was the Champion of Makhleb.
             Hit by a silver javelin thrown by a merfolk javelineer (10 damage)
             ... led by Ilsuiw
             ... on level 4 of the Shoals on Oct 5, 2022.
             The game lasted 06:11:38 (35904 turns).

Godmorgon the Warrior (Djinni Ice Elementalist)    Turns: 35904, Time: 06:11:38

Health: -2/193     AC: 33    Str:  7    XL:     20   Next: 45%
Gold:   457        EV: 13    Int: 24    God:    Makhleb [******] SH: 14 Dex: 16

rFire   + . .      SeeInvis .     - Unarmed
rCold   + . .      Faith    .   b - +2 kite shield
rNeg    + . .      Spirit   .   (body armour currently unavailable)
rPois   ∞          Reflect  .   N - +1 hat {Will+}
rElec   +          Harm     .   L - +2 cloak {Will+}
rCorr   .          Rampage  .   (gloves currently unavailable)
Will    ++++.                   (boots unavailable)
Stlth   ++........              M - amulet of regeneration
HPRegen 1.22/turn               G - ring of ice
MPRegen 0.00/turn               x - ring of protection from cold

@: statue-form, engulfed, spiked, flying, hasted, studying 2 skills
A: slow and powerful, torment resistance 1, flying, boosted hp, sickness
immunity, fire resistance 2, cold vulnerability 1, float, innate caster, HP
casting, extra vitality 1
}: 1/15 runes: gossamer
a: End Transformation, Renounce Religion, Minor Destruction, Lesser Servant of
Makhleb, Major Destruction, Greater Servant of Makhleb


You were on level 4 of the Shoals.
You worshipped Makhleb.
Makhleb was exalted by your worship.
You were a living statue of rough stone.
You visited 6 branches of the dungeon, and saw 31 of its levels.
You also visited: Volcano.

You collected 3473 gold pieces.
You spent 3016 gold pieces at shops.

Inventory:

Hand Weapons
 a - the +6 long sword "Cotuth" {holy, rPois rN++ Dex-5}
   (You took it off a kobold on level 10 of the Dungeon)

   It has been blessed by the Shining One to cause great damage to the undead
   and demons.
   Dex:       It affects your dexterity (-5).
   rPois:     It protects you from poison.
   rN:        It greatly protects you from negative energy.
Missiles
 c - 7 throwing nets
 d - 4 silver javelins
 h - a silver boomerang
 l - 6 curare-tipped darts
 r - 28 boomerangs
 w - 41 poisoned darts (quivered)
 F - 16 javelins
Armour
 b - a +2 kite shield (worn)
 o - a +0 troll leather armour (melded)
 z - a +2 cloak of preservation
 C - a +2 pair of gloves (melded)
 L - a +2 cloak of willpower (worn)
 N - a +1 hat of willpower (worn)
Jewellery
 e - a +4 ring of protection
 j - a +6 ring of dexterity
 x - a ring of protection from cold (right fist)
 G - a ring of ice (left fist)
 M - an amulet of regeneration (around neck)
Wands
 m - a wand of roots (32)
 u - a wand of acid (16)
 W - a wand of paralysis (25)
Scrolls
 i - 7 scrolls of fog
 k - 6 scrolls of fear
 t - 5 scrolls of vulnerability
 y - 7 scrolls of poison
 B - 2 scrolls of magic mapping
 D - 4 scrolls of torment
 P - 3 scrolls of silence
 R - a scroll of summoning
 X - a scroll of immolation
Potions
 f - 5 potions of heal wounds
 g - 5 potions of lignification
 n - 5 potions of attraction
 p - 3 potions of ambrosia
 s - 2 potions of brilliance
 v - 13 potions of curing
 A - a potion of berserk rage
 H - 5 potions of might
 I - 8 potions of haste
 K - 3 potions of resistance
 Q - a potion of invisibility
 S - a potion of cancellation
Miscellaneous
 J - a box of beasts
 T - a phantom mirror


   Skills:
 + Level 15.0 Fighting
 - Level 8.0 Long Blades
 + Level 11.3 Throwing
 - Level 10.0 Armour
 - Level 5.0 Dodging
 - Level 1.5 Stealth
 - Level 10.0 Shields
 * Level 14.4 Unarmed Combat
 * Level 14.5 Spellcasting
 + Level 14.5 Invocations


You couldn't memorise any spells.
You knew the following spells:

 Your Spells              Type           Power      Damage    Failure   Level
a - Ozocubu's Armour      Ice            92%        N/A       1%          3
b - Borgnjor's Vile Clut  Necr/Erth      36%        N/A       1%          5
c - Corpse Rot            Necr/Pois/Air  72%        N/A       1%          4
f - Freeze                Ice            100%       1d11      1%          1
h - Hailstorm             Conj/Ice       92%        3d18      1%          4
i - Ignite Poison         Fire/Tmut/Pois 72%        N/A       1%          3
l - Summon Lightning Spi  Summ/Air       72%        N/A       1%          4
n - Necrotise             Necr           100%       1d9       1%          1
r - Frozen Ramparts       Ice            100%       1d16      1%          3
s - Statue Form           Tmut/Erth      48%        N/A       3%          6
D - Death Channel         Necr           36%        N/A       3%          6
G - Summon Cactus Giant   Summ           36%        N/A       3%          6
W - Wereblood             Tmut           72%        N/A       1%          2
Your spell library was empty.

Dungeon Overview and Level Annotations

Branches:
Dungeon (15/15)            Temple (1/1) D:6            Lair (5/5) D:8
 Shoals (4/4) Lair:3       Spider (4/4) Lair:3        Slime (0/5) Lair:4
    Orc (2/2) D:10            Elf (0/3) Orc:2        Vaults (0/5) D:14
 Depths (0/4) D:15        Volcano (visited)

Altars:
Ashenzari
Cheibriados
Dithmenos
Elyvilon
Fedhas
Gozag
Hepliaklqana
Makhleb
Nemelex Xobeh
Okawaru
Qazlal
Ru
Trog
Uskayaw
Wu Jian
Xom
Yredelemnul
Zin
The Shining One
Jiyva

Shops:
D:6 (   D:13 (   Orc:2 **?(   Shoals:2 ?[!:(

Portals:
Hell: Lair:5


Innate Abilities, Weirdness & Mutations

You are a living statue of rough stone.
Your actions are slow, but your melee attacks are powerful.
You are resistant to unholy torment.
You are flying.
Your maximum health is greatly increased.
Your equipment is partially melded.
You are immune to sickness and miasma.
You are immune to poison.
Your flesh is very heat resistant. (rF++)
You are vulnerable to cold. (rC-)
You float through the air rather than walking.
You learn spells naturally, not from books.
Your magical power is your life essence.
You have superior vitality. (+4 MHP)


Message History

Confirm with . or Enter, or press ? or * to list all spells.
Casting: Hailstorm (safe; 1% risk of failure)
Press: ? - help, Dir - look around, f - activate You feel a surge of power!
A cannonade of hail descends around you!
The hail pelts the merfolk!!!
The merfolk is almost dead.
The hail pelts the merfolk!!
The merfolk is heavily wounded.
The hail pelts the merfolk!
The merfolk is lightly wounded.
The hail pelts the water elemental!!
The water elemental is heavily damaged.
The hail pelts the merfolk impaler!
The merfolk impaler is lightly wounded.
The hail pelts the merfolk!!!
The merfolk is almost dead.
The hail pelts the merfolk javelineer!!
The merfolk javelineer is heavily wounded.
The hail pelts the merfolk!
The merfolk is moderately wounded.
The hail pelts the merfolk!!!
The merfolk is almost dead.
The hail pelts the sea snake!!!
The sea snake is heavily wounded.
The hail pelts the manticore!!
You kill the manticore!
Makhleb accepts your kill.
You feel better.
The hail pelts the merfolk siren!!
The merfolk siren is almost dead.
* * * LOW HITPOINT WARNING * * *
The merfolk aquamancer gestures at you while chanting.
The shard of ice hits you! You partially resist.
* * * LOW HITPOINT WARNING * * *
The merfolk aquamancer hits you but does no damage.
You block the merfolk's attack. The merfolk impaler misses you.
The water elemental closely misses you. You block the water elemental's attack.
The merfolk javelineer throws a silver javelin.
The silver javelin pierces through you!
You die...

......mS.......###
.......mHm.~....)#######
..........m~~~...~.~#~~#
.....####..~†<~~....~~~~
....# #..~~~~~....~~~~
~...#.~~Sm~?....~~~
.≈..m##.mmSm....~~~ #.#.
##...~~~m.)~~~ ..
#....~8Em..~~~ #.
#....~mEmm..~~ .
##....E.m.....
.....$.###...<. ...m...
m.... ....... ....
....../ ... ....... ...


You could see 2 merfolk impalers, a merfolk javelineer, 2 sea snakes, 2 merfolk
aquamancers, 8 merfolk, 3 water elementals and a merfolk siren.

Vanquished Creatures
  Arachne (Spider:3)
  An acid blob (D:14)
  Kirke (Shoals:1)
  Donald (Spider:1)
  Roxanne (Spider:4)
  3 ghost moths
  5 emperor scorpions (Spider:4)
  An ironbound preserver (D:14)
  A broodmother (Spider:2)
  A spark wasp (Spider:3)
  Nessos (Orc:2)
  4 entropy weavers
  2 dire elephants
  Josephine (D:15)
  Fannar (Lair:3)
  16 boulder beetles
  10 hydras
  4 merfolk avatars
  A hell beast (Lair:5)
  An ogre mage (D:15)
  4 radroaches
  2 anacondas (Lair:1)
  A catoblepas (Lair:5)
  5 centaur warriors
  3 alligators
  2 tengu warriors
  8 two-headed ogres
  Sonja (D:12)
  Amaemon (D:10)
  A fire crab (Volcano)
  9 pharaoh ants
  4 skeletal warriors (D:12)
  3 ghost moth zombies (Spider:1)
  3 sun moths
  4 sea snakes
  A goliath frog (Lair:3)
  A swamp dragon (Lair:3)
  7 steelbarb worms
  6 orb spiders
  A lindwurm (Volcano)
  9 orc knights
  2 deep elf pyromancers
  Pikel (D:5)
  3 orc sorcerers
  A wizard (Lair:5)
  8 harpies
  A broodmother zombie (Spider:1)
  3 fauns (Shoals:2)
  A jorogumo zombie (Spider:1)
  17 ugly things
  28 wolf spiders
  3 cyclopes
  10 manticores
  7 slime creatures
  4 moths of wrath
  3 merfolk sirens
  2 water nymphs
  Joseph (D:7)
  14 elephants
  3 black mambas
  4 orange demons
  5 gargoyles
  5 unseen horrors (D:12)
  10 torpor snails
  6 cane toads
  A yaktaur (D:12)
  A yaktaur (shapeshifter) (D:13)
  3 rime drakes (Lair:5)
  7 komodo dragons
  11 demonic crawlers
  A hellwing (Lair:5)
  A queen bee (shapeshifter) (D:15)
  6 trolls
  A red devil (Lair:5)
  5 harpy zombies (Shoals:1)
  6 wind drakes
  7 merfolk
  6 meliai
  A tyrant leech (Lair:3)
  4 hornets
  35 tarantellas
  2 polar bears
  4 snapping turtles
  A radroach zombie (Spider:1)
  8 blink frogs
  A dream sheep (Lair:5)
  27 jumping spiders
  A shadow (D:11)
  2 centaur simulacra
  A culicivora (shapeshifter) (D:13)
  2 hogs (Shoals:1)
  2 wyverns
  Eustachio (D:5)
  3 water elementals
  3 wraiths
  3 vampires
  22 culicivoras
  3 basilisks
  5 fire bats (Volcano)
  36 yaks
  13 vampire mosquitoes
  77 redbacks
  7 wargs
  2 swamp worms (Lair:3)
  3 acid dragons (D:14)
  14 water moccasins
  7 hell hounds
  A floating eye (D:12)
  A sky beast (D:8)
  An ice beast (D:4)
  43 orc warriors
  4 black bears
  A swamp drake (Lair:3)
  15 centaurs
  10 wolves
  5 ogres
  4 lemures (D:5)
  2 phantoms (D:6)
  4 kobold brigands
  10 bullfrogs
  4 necrophages
  A gnoll sergeant (D:3)
  32 scorpions
  A wight (D:8)
  4 howler monkeys
  2 electric eels
  4 hounds
  Crazy Yiuf (D:5)
  A gnoll bouda (D:9)
  21 orc priests
  Jessica (D:2)
  5 iguanas
  24 orc wizards
  A hell rat (Lair:1)
  8 gnolls
  9 adders
  2 shadow imps
  2 white imps
  2 worms (D:3)
  2 dart slugs
  80 orcs
  8 bats
  12 endoplasms
  4 giant cockroaches
  8 hobgoblins
  5 jackals
  5 quokkas
  3 training dummies (D:13)
  7 ball pythons
  3 frilled lizards
  6 goblins
  24 kobolds
  6 rats
1020 creatures vanquished.

Vanquished Creatures (collateral kills)
  Jorgrun (Shoals:3)
  Polyphemus (Shoals:2)
  A sphinx (D:12)
  Ilsuiw (Shoals:4)
  A fire giant (D:15)
  An orc warlord (D:12)
  Louise (D:15)
  An emperor scorpion (Spider:1)
  A broodmother (Spider:4)
  A spark wasp (Spider:4)
  A merfolk impaler (Shoals:3)
  4 hydras
  A radroach (Spider:1)
  A boulder beetle (D:12)
  A jorogumo (Spider:1)
  2 centaur warriors
  A catoblepas (Shoals:2)
  3 two-headed ogres
  2 tengu warriors
  2 death yaks (Shoals:2)
  6 sea snakes
  A spark wasp zombie (Spider:1)
  A skeletal warrior (D:12)
  An orb spider (Spider:4)
  A steelbarb worm (Spider:4)
  8 harpies
  3 orc knights
  6 ugly things
  7 wolf spiders (Spider:4)
  3 cyclopes
  5 fauns
  A black mamba (Lair:4)
  3 manticores
  3 elephants (Lair:2)
  2 merfolk sirens
  A water nymph (Shoals:4)
  9 cane toads
  3 torpor snails
  Maggie (D:10)
  2 gargoyles (D:12)
  A kobold demonologist (D:14)
  5 rime drakes (Lair:5)
  5 komodo dragons
  A troll (shapeshifter) (D:15)
  4 trolls
  An ice devil (Lair:5)
  A hornet (D:9)
  A polar bear (Lair:5)
  2 merfolk (Shoals:3)
  2 wind drakes
  5 slime creatures
  A tarantella (Spider:4)
  6 blink frogs
  2 jumping spiders
  3 culicivoras
  A wraith (D:15)
  17 yaks
  4 basilisks
  Grum (D:10)
  4 redbacks (Spider:4)
  5 vampire mosquitoes
  2 wargs (D:10)
  2 swamp worms (Lair:3)
  2 acid dragons (D:14)
  3 water moccasins
  A hell hound (Lair:5)
  An ogre (D:15)
  7 orc warriors
  A wolf (D:10)
  3 centaurs
  2 bullfrogs
  A kobold brigand (D:10)
  A gnoll sergeant (D:10)
  2 scorpions (Lair:3)
  4 wights (D:8)
  A howler monkey (D:12)
  3 orc priests
  An iguana (D:4)
  6 orc wizards
  4 gnolls
  A worm (Lair:3)
  13 orcs
  2 kobolds (D:10)
  A rat (D:1)
  A plant (Shoals:2)
232 creatures vanquished.

Vanquished Creatures (others)
  An orc wizard (Orc:2)
  35 fungi
  148 plants
184 creatures vanquished.

Grand Total: 1436 creatures vanquished

Notes
Turn   | Place    | Note
-------+----------+-------------------------------------------
     0 | D:1      | Godmorgon the Djinni Ice Elementalist began the quest for
                  | the Orb.
     0 | D:1      | Godmorgon set off with the following spells memorised:
                  | Freeze, Frozen Ramparts, Ozocubu's Armour, Hailstorm.
     0 | D:1      | Reached XP level 1. HP: 15/15 MP: 0/0
   250 | D:1      | Found a faded altar of an unknown god.
   282 | D:1      | Reached XP level 2. HP: 17/22 MP: 0/0
   558 | D:1      | Reached skill level 1 in Fighting
   852 | D:1      | Reached XP level 3. HP: 26/27 MP: 0/0
   852 | D:1      | Learned a level 1 spell: Necrotise
  1509 | D:2      | You are sucked into a shaft and drop 2 floors!
  1553 | D:4      | Reached XP level 4. HP: 22/33 MP: 0/0
  1803 | D:4      | Reached skill level 2 in Fighting
  1803 | D:4      | Reached XP level 5. HP: 11/38 MP: 0/0
  1803 | D:4      | Learned a level 2 spell: Wereblood
  2210 | D:4      | Found an iron altar of Okawaru.
  2466 | D:4      | Noticed an ice beast
  2477 | D:4      | Killed an ice beast
  2478 | D:4      | Reached skill level 3 in Fighting
  2478 | D:4      | Reached XP level 6. HP: 44/46 MP: 0/0
  2509 | D:4      | Reached skill level 5 in Spellcasting
  2676 | D:5      | Entered Level 5 of the Dungeon
  2908 | D:5      | Reached XP level 7. HP: 50/50 MP: 0/0
  2908 | D:5      | Learned a level 3 spell: Ignite Poison
  3163 | D:5      | Found a runed translucent door.
  3164 | D:5      | Noticed Crazy Yiuf
  3172 | D:5      | Killed Crazy Yiuf
  3380 | D:5      | Noticed Eustachio
  3463 | D:5      | Found a bloodstained altar of Trog.
  3463 | D:5      | Found a blossoming altar of Fedhas.
  3519 | D:5      | Reached skill level 4 in Fighting
  3545 | D:5      | Noticed Pikel
  3899 | D:6      | Found a staircase to the Ecumenical Temple.
  3908 | Temple   | Entered the Ecumenical Temple
  3915 | Temple   | Became a worshipper of Makhleb the Destroyer
  4316 | D:3      | Reached XP level 8. HP: 54/58 MP: 0/0
  4679 | D:3      | Reached skill level 1 in Invocations
  4870 | D:3      | Identified the +8 dagger of the Spinneret {protect, rElec
                  | rN++ Stlth-}
  5236 | D:3      | Found a hazy altar of Hepliaklqana.
  5447 | D:2      | Reached * piety under Makhleb
  5451 | D:2      | Noticed Jessica
  5457 | D:2      | Killed Jessica
  5771 | D:2      | Reached skill level 1 in Armour
  6059 | D:5      | Reached skill level 1 in Long Blades
  6167 | D:5      | Killed Pikel
  6168 | D:5      | Reached XP level 9. HP: 59/64 MP: 0/0
  6168 | D:5      | Learned a level 4 spell: Summon Lightning Spire
  6248 | D:5      | Killed Eustachio
  6249 | D:5      | Reached skill level 5 in Fighting
  6706 | D:6      | Found Neuvireg's Weapon Shoppe.
  7148 | D:7      | Reached ** piety under Makhleb
  7232 | D:7      | Noticed a two-headed ogre
  7253 | D:7      | Killed a two-headed ogre
  7254 | D:7      | Reached XP level 10. HP: 69/70 MP: 0/0
  7317 | D:7      | Reached skill level 5 in Invocations
  7551 | D:7      | Noticed Joseph
  8063 | D:7      | Killed Joseph
  8441 | D:8      | Reached skill level 6 in Fighting
  8891 | D:8      | Reached skill level 5 in Long Blades
  8891 | D:8      | Reached skill level 5 in Dodging
  9070 | D:8      | Found a staircase to the Lair.
  9185 | D:9      | Noticed a two-headed ogre
  9245 | D:9      | Killed a two-headed ogre
  9452 | D:9      | Reached *** piety under Makhleb
  9453 | D:9      | Reached skill level 1 in Throwing
  9453 | D:9      | Reached XP level 11. HP: 57/77 MP: 0/0
  9453 | D:9      | Learned a level 4 spell: Corpse Rot
 10277 | Lair:1   | Entered Level 1 of the Lair of Beasts
 10639 | Lair:1   | Noticed a seven-headed hydra
 10644 | Lair:1   | Killed a seven-headed hydra
 10645 | Lair:1   | Reached skill level 7 in Fighting
 11051 | Lair:2   | Noticed an elephant
 11051 | Lair:2   | Noticed an elephant
 11051 | Lair:2   | Noticed an eight-headed hydra
 11052 | Lair:2   | Noticed an elephant
 11061 | Lair:2   | Killed an eight-headed hydra
 11062 | Lair:2   | Killed an elephant
 11065 | Lair:2   | Killed an elephant
 11068 | Lair:2   | Killed an elephant
 11261 | Lair:2   | Noticed an elephant
 11261 | Lair:2   | Noticed an elephant
 11267 | Lair:2   | Noticed an elephant
 11268 | Lair:2   | Killed an elephant
 11269 | Lair:2   | Reached XP level 12. HP: 82/85 MP: 0/0
 11287 | Lair:2   | Reached skill level 5 in Throwing
 11556 | Lair:2   | Noticed an eight-headed hydra
 11584 | Lair:2   | Killed an eight-headed hydra
 12046 | Lair:1   | Reached skill level 8 in Fighting
 12257 | Lair:1   | Reached **** piety under Makhleb
 12779 | Lair:1   | Noticed an anaconda
 12779 | Lair:1   | Noticed an anaconda
 12792 | Lair:1   | Killed an anaconda
 12792 | Lair:1   | Killed an anaconda
 13016 | Lair:1   | Noticed a dire elephant
 13016 | Lair:1   | Noticed an alligator
 13318 | Lair:1   | Reached XP level 13. HP: 90/93 MP: 0/0
 13318 | Lair:1   | Learned a level 5 spell: Borgnjor's Vile Clutch
 13356 | Lair:1   | Killed a dire elephant
 13846 | Lair:3   | Reached skill level 9 in Fighting
 13935 | Lair:3   | Found a hole to the Spider Nest.
 13936 | Lair:3   | Noticed a boulder beetle
 13958 | Lair:3   | Killed a boulder beetle
 14147 | Lair:3   | Found a dark tunnel.
 14156 | Volcano  | Entered a volcano
 14380 | Volcano  | Reached skill level 10 in Invocations
 14389 | Volcano  | Reached skill level 10 in Fighting
 14509 | Lair:3   | Noticed Fannar
 14518 | Lair:3   | Killed Fannar
 14519 | Lair:3   | Reached skill level 10 in Spellcasting
 14701 | Lair:3   | Reached ***** piety under Makhleb
 14786 | Lair:3   | Noticed a four-headed hydra
 14804 | Lair:3   | Killed a four-headed hydra
 15046 | Lair:3   | Reached XP level 14. HP: 66/103 MP: 0/0
 15426 | Lair:3   | Found a staircase to the Shoals.
 15737 | Lair:4   | Reached skill level 11 in Fighting
 16198 | Lair:4   | Found a staircase to the Slime Pits.
 16331 | Lair:4   | Found a viscous altar of Jiyva.
 16439 | Lair:4   | Reached skill level 5 in Armour
 17185 | Lair:5   | Entered Level 5 of the Lair of Beasts
 17389 | Lair:5   | Noticed a dire elephant
 17410 | Lair:5   | Killed a dire elephant
 17758 | Lair:5   | Found a burning altar of Makhleb.
 18148 | Lair:5   | Found a gateway to Hell.
 18148 | Lair:5   | Found the +9 staff of Wucad Mu {*channel}
 18809 | Lair:5   | Reached XP level 15. HP: 110/112 MP: 0/0
 18809 | Lair:5   | Learned a level 6 spell: Statue Form
 19222 | Lair:5   | Reached skill level 12 in Fighting
 20023 | D:10     | Entered Level 10 of the Dungeon
 20033 | D:10     | Found a basalt altar of Yredelemnul.
 20247 | D:10     | Noticed Maggie
 20256 | D:10     | Killed Maggie
 20257 | D:10     | Reached skill level 1 in Shields
 20367 | D:10     | Noticed Amaemon
 20376 | D:10     | Killed Amaemon
 20426 | D:10     | Identified the +6 long sword "Cotuth" {holy, rPois rN++
                  | Dex-5}
 20428 | D:10     | Noticed Grum
 20439 | D:10     | Killed Grum
 20495 | D:10     | Found a staircase to the Orcish Mines.
 20670 | D:10     | Found a broken altar of Ashenzari.
 20670 | D:10     | Found a sparkling altar of Nemelex Xobeh.
 21464 | D:12     | Noticed Sonja
 21473 | D:12     | Killed Sonja
 21688 | D:12     | Noticed a sphinx
 21695 | D:12     | Killed a sphinx
 21779 | D:12     | Noticed an orc warlord
 21820 | D:12     | Reached ****** piety under Makhleb
 22344 | D:12     | Reached XP level 16. HP: 92/120 MP: 0/0
 22442 | D:12     | Reached skill level 5 in Shields
 22684 | D:12     | Reached skill level 10 in Armour
 22883 | D:12     | Reached skill level 1 in Unarmed Combat
 23399 | D:13     | Found Eluirphu's Firing Range.
 23445 | D:13     | Bought a manual of Throwing for 1280 gold pieces
 23469 | D:13     | Reached skill level 13 in Fighting
 23726 | D:13     | Identified the +1 chain mail of Infinity {rN+ rCorr}
 23738 | D:13     | Identified the +6 sling of Honour {flame, Fly rN+ Int-5
                  | Dex+4}
 24221 | D:14     | Found a transporter.
 24730 | D:14     | Found a transporter.
 24849 | D:14     | Found a gate to the Vaults.
 25052 | D:14     | Noticed an acid blob
 25062 | D:14     | Killed an acid blob
 25063 | D:14     | Reached skill level 5 in Unarmed Combat
 25101 | D:14     | Identified the +0 hat of Perfidy {rF- Dex+5}
 25611 | D:15     | Entered Level 15 of the Dungeon
 25645 | D:15     | Found a staircase to the Depths.
 25645 | D:15     | Noticed a fire giant
 25675 | D:15     | Noticed Josephine
 25688 | D:15     | Killed Josephine
 25731 | D:15     | HP: 5/121 [fire giant/fireball (22)]
 25732 | D:15     | Killed a fire giant
 25733 | D:15     | Reached XP level 17. HP: 31/127 MP: 0/0
 25733 | D:15     | Learned a level 6 spell: Summon Cactus Giant
 25924 | D:15     | Found a broken altar of Ashenzari.
 26042 | D:15     | Noticed Louise
 26053 | D:15     | Killed Louise
 26572 | Orc:1    | Entered Level 1 of the Orcish Mines
 26742 | Orc:2    | Entered Level 2 of the Orcish Mines
 26742 | Orc:2    | Found a staircase to the Elven Halls.
 26892 | Orc:2    | Found Usayqylu's Magic Scroll Shoppe.
 26935 | Orc:2    | Found Tygg's Antique Weapon Boutique.
 27003 | Orc:2    | HP: 4/166 [orc knight/+0 dire flail (25)]
 27230 | Orc:2    | Found Likuirchedgh's General Store.
 27230 | Orc:2    | Found Mennoroe's Assorted Antiques.
 27232 | Orc:2    | Noticed Nessos
 27276 | Orc:2    | Killed Nessos
 28022 | Orc:2    | Bought a potion of might for 44 gold pieces
 28022 | Orc:2    | Bought a scroll of identify for 22 gold pieces
 28053 | Orc:2    | Bought a scroll of blinking for 112 gold pieces
 28053 | Orc:2    | Bought a scroll of identify for 30 gold pieces
 28053 | Orc:2    | Bought a scroll of identify for 30 gold pieces
 28053 | Orc:2    | Bought a scroll of acquirement for 780 gold pieces
 28069 | Orc:2    | Bought a scroll of torment for 142 gold pieces
 28069 | Orc:2    | Bought a scroll of fog for 60 gold pieces
 28069 | Orc:2    | Bought a scroll of fog for 60 gold pieces
 28109 | Orc:2    | Bought a potion of might for 112 gold pieces
 28109 | Orc:2    | Acquired a manual of Unarmed Combat
 28322 | Spider:1 | Entered Level 1 of the Spider Nest
 28356 | Spider:1 | Noticed Donald
 28468 | Spider:1 | Killed Donald
 28753 | Spider:1 | Reached XP level 18. HP: 134/134 MP: 0/0
 28887 | Spider:1 | Reached skill level 14 in Fighting
 29743 | Spider:1 | Reached skill level 10 in Unarmed Combat
 31172 | Spider:3 | Reached XP level 19. HP: 141/141 MP: 0/0
 31172 | Spider:3 | Learned a level 6 spell: Death Channel
 31452 | Spider:3 | Reached skill level 10 in Throwing
 31463 | Spider:3 | Noticed Arachne
 31510 | Spider:3 | Killed Arachne
 31928 | Spider:4 | Entered Level 4 of the Spider Nest
 31974 | Spider:4 | Acquired a +2 cloak of willpower
 32055 | Spider:4 | Identified Roxanne's Volume of Clay
 32055 | Spider:4 | Noticed Roxanne
 32087 | Spider:4 | Killed Roxanne
 33128 | Spider:4 | Got a gossamer rune of Zot
 33503 | Shoals:1 | Entered Level 1 of the Shoals
 33715 | Shoals:1 | Noticed Kirke
 33724 | Shoals:1 | Killed Kirke
 34022 | Shoals:1 | Identified the +7 trident of the Badger {vorpal, rN+}
 34363 | Shoals:2 | Found Niof's Antique Armour Shoppe.
 34369 | Shoals:2 | Reached XP level 20. HP: 148/148 MP: 0/0
 34376 | Shoals:2 | Found Zonick's Distillery.
 34380 | Shoals:2 | Reached skill level 10 in Shields
 34391 | Shoals:2 | Found Apruob's Book Shoppe.
 34393 | Shoals:2 | Noticed Polyphemus
 34398 | Shoals:2 | Found Jepty's Weapon Shop.
 34398 | Shoals:2 | Killed Polyphemus
 34459 | Shoals:2 | Bought a potion of heal wounds for 80 gold pieces
 34459 | Shoals:2 | Bought a potion of heal wounds for 80 gold pieces
 34513 | Shoals:2 | Found Gihetre's Magic Scroll Shoppe.
 34526 | Shoals:2 | Bought a scroll of blinking for 120 gold pieces
 34526 | Shoals:2 | Bought a scroll of fear for 64 gold pieces
 34686 | Shoals:2 | Identified the +7 trident "Jehoc" {vorpal, rN+ Will+}
 35115 | Shoals:3 | Noticed Jorgrun
 35117 | Shoals:3 | Reached skill level 15 in Fighting
 35121 | Shoals:3 | Killed Jorgrun
 35874 | Shoals:4 | Entered Level 4 of the Shoals
 35874 | Shoals:4 | Noticed Ilsuiw
 35889 | Shoals:4 | Killed Ilsuiw
 35904 | Shoals:4 | HP: 8/193 [merfolk aquamancer/shard of ice (17)]
 35904 | Shoals:4 | Hit by a silver javelin thrown by a merfolk javelineer

Illustrated notes

Levels and vault maps discovered:
D:1:      dpeg_arrival_tiny_f, layout_loops_corners,
          chequers_ecumenical_altar_grove, minmay_misc_feat_square
D:2:      layout_loops_ring, uniq_jessica
D:3:      minmay_chambers_of_twos, layout_basic,
          worldfamousw_hep_ancestral_shrine
D:4:      layout_gridville, lemuel_crystal_altar, minmay_cupped
D:5:      layout_gridville, jmf_multi_god_temple, solitary_fountain,
          uniq_eustachio, uniq_pikel, uniq_crazy_yiuf_cottage
D:6:      layout_loops_ring, minmay_temple_entry_sparse_star, serial_shops,
          nicolae_shop_bloodbath_and_beyond, minivault_14, minivault_11
D:7:      layout_basic, uniq_joseph
D:8:      layout_layer_cave, nicolae_vehumet_altar_sigil, dpeg_oklobed_lair,
          kennysheep_generic_room_16
D:9:      layout_cave_pools, mainiacjoe_overflow_24_doors
D:10:     layout_cave_pools, lemuel_crystal_altar,
          amethyst_overflow_temple_binary, minmay_orc_entry_guard_dogs,
          corexii_checkpoint_a, minmay_variable_closet, uniq_maggie,
          uniq_amaemon, uniq_grum
D:11:     layout_roguey, nzn_life_drinkers
D:12:     minmay_the_grid_4x2 [minmay_the_grid_empty, minmay_the_grid_garden,
          minmay_the_grid_armoury, minmay_the_grid_odd_star,
          minmay_the_grid_minigrid_large, minmay_the_grid_medium_cups,
          minmay_the_grid_eight, minmay_the_grid_prize_inner_circle],
          layout_loops_ring, onia_ninara_cookie, uniq_sonja
D:13:     layout_roguey, nicolae_shop_firing_range
D:14:     gammafunk_cloud_chamber, layout_gridville,
          skrybe_vaults_entry_preservation, minmay_misc_feat_four_crosses,
          roderic_serpentine_path
D:15:     grunt_enter_depths_giant_problem, layout_rooms, ashenzari_altar_1,
          serial_glass, glass_columns_a, glass_columns_a, minivault_4,
          uniq_josephine, uniq_louise
Temple:   cyrus_circular_temple
Lair:1:   layout_cave_pods, nicolae_lair_lakeside_cave, grunt_megastairs_2
Lair:2:   layout_roguey, lemuel_fruit_tree
Lair:3:   onia_ninara_swampy_vault, layout_misc_corridors,
          minmay_shoals_entry_beasts, nicolae_spider_entry_non_spiders,
          enter_volcano_3, beast_lair_carwin_3, infiniplex_staircase_pool,
          uniq_fannar
Lair:4:   layout_gridlike, slime_entry_1, serial_rivers,
          chequers_serial_rivers_room_a, chequers_serial_rivers_room_a,
          chequers_serial_rivers_micro_a, chequers_serial_rivers_room_b,
          chequers_serial_rivers_large_b, chequers_serial_rivers_room_a,
          guppyfry_lair_drakes
Lair:5:   evil_forest, layout_regular_city, serial_bayou_lagoon_a,
          minmay_lair_drake_nest, lemuel_fruit_fields
Shoals:1: layout_shoals, nicolae_shoals_undead_eyrie, uniq_kirke
Shoals:2: layout_shoals, serial_shops, shop, nicolae_shop_crystal, shop, shop,
          nicolae_shop_trees, uniq_polyphemus
Shoals:3: layout_shoals, uniq_jorgrun
Shoals:4: shoals_end_grunt_ice, layout_shoals, shoals_ilsuiw_ice, serial_shops,
          nicolae_shop_behind_doors, nicolae_shoals_beach_cooler, uniq_aizul
Spider:1: hangedman_creepy_crawlies, nicolae_spider_eight_legs, uniq_donald
Spider:2: layout_cave_pods
Spider:3: layout_spider_delve, uniq_arachne
Spider:4: grunt_spider_rune_parallel, spiders_nest_spider_trap, uniq_roxanne
Orc:1:    layout_caves
Orc:2:    st_orc_town, layout_diamond_mine, uniq_nessos

Skill      XL: |  1  2  3  4  5  6  7  8  9 10 11 12 13 14 15 16 17 18 19 20 |
---------------+-------------------------------------------------------------+-----
Fighting       | 1 2 3 4 5 6 7 8 10 11 12 13 14 15 | 15.0
Spellcasting   | 4 5 6 7 8 9 10 11 12 13 14 | 14.5
Invocations    | 2 4 6 7 8 10 11 12 13 14 | 14.5
Armour         | 1 3 4 7 9 10 | 10.0
Long Blades    | 2 3 5 6 7 8 |  8.0
Dodging        | 3 4 5 |  5.0
Throwing       | 1 4 6 7 8 9 10 11 | 11.3
Shields        | 4 5 6 8 9 10 | 10.0
Unarmed Combat | 5 8 11 13 14 | 14.4
Stealth        | |  1.5

Action                   |  1- 3 |  4- 6 |  7- 9 | 10-12 | 13-15 | 16-18 | 19-21 || total
-------------------------+-------+-------+-------+-------+-------+-------+-------++-------
Melee: Spear             |       |    43 |    81 |       |       |       |       ||   124
       Falchion          |       |       |    22 |       |       |       |       ||    22
       Punch             |       |       |     3 |     1 |     6 |       |       ||    10
       Dagger            |       |       |   114 |   168 |   284 |       |       ||   566
       Long sword        |       |       |       |       |   167 |   138 |       ||   305
       Demon whip        |       |       |       |       |     4 |       |       ||     4
       Unarmed           |       |       |       |       |       |   691 |   558 ||  1249
Throw: Boomerang         |       |       |     8 |       |       |       |       ||     8
       Dart              |       |       |     8 |    81 |   101 |   166 |    25 ||   381
 Cast: Freeze            |    35 |       |       |     2 |    20 |     3 |     6 ||    66
       Necrotise         |    15 |    20 |    18 |     8 |     9 |     6 |       ||    76
       Frozen Ramparts   |     1 |     5 |    33 |    31 |    61 |   112 |    28 ||   271
       Ozocubu's Armour  |       |       |    19 |    29 |    67 |    39 |       ||   154
       Ignite Poison     |       |       |     1 |    29 |    35 |    58 |     7 ||   130
       Summon Lightning  |       |       |       |    37 |    94 |    73 |    13 ||   217
       Corpse Rot        |       |       |       |     1 |       |       |       ||     1
       Hailstorm         |       |       |       |       |    47 |    38 |    10 ||    95
       Borgnjor's Vile C |       |       |       |       |     6 |     2 |       ||     8
       Statue Form       |       |       |       |       |       |    43 |    64 ||   107
       Summon Cactus Gia |       |       |       |       |       |     3 |     1 ||     4
       Death Channel     |       |       |       |       |       |       |     6 ||     6
Invok: Lesser Servant of |       |       |       |     2 |     1 |     1 |     2 ||     6
       Greater Servant o |       |       |       |       |       |       |     3 ||     3
Evoke: Wand              |       |     6 |     7 |       |     4 |       |       ||    17
  Use: Scroll            |       |       |     8 |     3 |    12 |    13 |     9 ||    45
       Potion            |       |       |       |     1 |     2 |     4 |     5 ||    12
 Stab: Sleeping          |       |     1 |     2 |       |       |     1 |     4 ||     8
       Distracted        |       |       |     2 |     4 |    11 |     7 |     9 ||    33
Armor: Robe              |     6 |     4 |    71 |   107 |    54 |       |       ||   242
       Ring mail         |       |       |       |       |   355 |    35 |       ||   390
       Troll leather arm |       |       |       |       |       |   156 |    19 ||   175
       Skin              |       |       |       |       |       |   871 |   883 ||  1754
Dodge: Dodged            |    14 |    24 |   101 |   115 |   267 |   933 |   565 ||  2019
Block: Other             |       |     3 |    39 |    41 |    90 |       |       ||   173
       Reflection        |       |       |     3 |     4 |     6 |       |       ||    13
       Buckler           |       |       |       |       |    72 |   625 |   114 ||   811
       Kite shield       |       |       |       |       |       |       |   531 ||   531
